 Dungeon Crawl Stone Soup version 0.28.0-53-g5a82cb258f (webtiles) character file.

Game seed: 9355774055943586927

44 SanguineChosen the Skirmisher (level 3, -3/24 HPs)
             Began as a Gargoyle Berserker on June 29, 2022.
             Was a Follower of Trog.
             Slain by a goblin
             ... wielding a +2 spear of distortion
              (6 damage)
             ... on level 2 of the Dungeon.
             The game lasted 00:05:04 (2019 turns).

SanguineChosen the Skirmisher (Gargoyle Berserker)  Turns: 2019, Time: 00:05:04

Health: -3/24      AC:  8    Str: 22    XL:     3   Next: 60%
Magic:  3/3        EV: 11    Int:  7    God:    Trog [*.....]
Gold:   60         SH:  0    Dex:  9    Spells: 2/2 levels left

rFire   . . .      SeeInvis .   a - +0 mace
rCold   . . .      Faith    .   (no shield)
rNeg    + . .      Spirit   .   j - +0 ring mail
rPois   ∞          Reflect  .   (no helmet)
rElec   +          Harm     .   (no cloak)
rCorr   .          Rampage  .   (no gloves)
Will    .....                   (no boots)
Stlth   +.........              (no amulet)
HPRegen 0.08/turn               (no ring)
MPRegen 0.08/turn               (no ring)

@: no status effects
A: sickness immunity, AC +3, negative energy resistance 1, electricity
resistance, torment resistance 1, petrification resistance
a: Renounce Religion, Berserk


You were on level 2 of the Dungeon.
You worshipped Trog.
Trog was aware of your devotion.
You visited 1 branch of the dungeon, and saw 2 of its levels.

You collected 60 gold pieces.

Inventory:

Hand Weapons
 a - a +0 mace (weapon)
Missiles
 f - 3 atropa-tipped darts (quivered)
Armour
 b - a +0 animal skin
 j - a +0 ring mail (worn)
Scrolls
 e - a scroll of teleportation {unknown}
 h - a scroll of fear {unknown}
 i - a scroll of torment {unknown}
Potions
 c - 2 potions of lignification {unknown}
 d - a potion of brilliance {unknown}


   Skills:
 + Level 3.9 Fighting
 + Level 3.6 Maces & Flails
 + Level 2.6 Armour
 + Level 1.6 Dodging
 + Level 0.8 Stealth


You had 2 spell levels left.
You didn't know any spells.
Your spell library was empty.

Dungeon Overview and Level Annotations

Branches:
Dungeon (2/15)

Altars:

Shops:
D:1 :([


Innate Abilities, Weirdness & Mutations

You are immune to sickness and miasma.
Your stone body is resilient. (AC +3)
You are immune to poison.
You resist negative energy. (rN+)
You are resistant to electric shocks. (rElec)
You are resistant to unholy torment.
You are immune to petrification.


Message History

You closely miss the adder. The adder bites you but does no damage.
The adder bites you.
You sock the adder!
The adder is severely wounded.
The adder bites you.
You hit the adder.
You kill the adder!
Trog accepts your kill.
Things that are here:
an adder corpse; a quokka corpse You start resting.
A goblin comes into view.
It is wielding a +2 spear of distortion.
Things that are here:
an adder corpse; a quokka corpse The goblin shouts!
The goblin throws a stone.
The stone closely misses you.
Throw: 4 darts (atropa)
Press: ? - help, Q - select action Shift-Dir - straight line, f - goblin
Aim: a goblin, wielding a +2 spear of distortion and quivering stones (45% to hit, chance to blind on hit: 100%)
You throw an atropa-tipped dart. The atropa-tipped dart hits the goblin.
The goblin appears confused.
The goblin seems less confused.
Things that are here:
an adder corpse; a quokka corpse The goblin throws a stone.
The stone hits you but does no damage.
The goblin is no longer blind.
The goblin barely misses you. The goblin hits you but does no damage.
Space warps around you.
The goblin hits you with a +2 spear of distortion.
Space warps horribly around you!
Ouch! That really hurt!
* * * LOW HITPOINT WARNING * * *
You hit the goblin.
The goblin is severely wounded.
The goblin barely misses you.
It was a potion of magic.
Magic courses through your body. The goblin closely misses you.
You barely miss the goblin.
The goblin is severely wounded.
The goblin hits you with a +2 spear of distortion.
You die...

###### ######## #....#
#......#
#....###......########
#.....................
#.....##.....g@########
#.....##.......(......#
#.....####.##.........#
###....>......†..........
.............##.........#
.##.###########.....:...#
....# ............# ....#
#####......... ...##
......)>.#


You could see a goblin.

Vanquished Creatures
  An adder (D:2)
  A worm (D:2)
  2 dart slugs (D:1)
  5 endoplasms
  5 goblins (D:1)
  A hobgoblin (D:1)
  A quokka (D:2)
  5 ball pythons
  A bat (D:2)
  2 frilled lizards (D:1)
  2 kobolds (D:1)
  2 rats
28 creatures vanquished.

Notes
Turn   | Place    | Note
-------+----------+-------------------------------------------
     0 | D:1      | SanguineChosen the Gargoyle Berserker began the quest for
                  | the Orb.
     0 | D:1      | Reached XP level 1. HP: 14/14 MP: 1/1
    27 | D:1      | Found Gich's Armour Shoppe.
    27 | D:1      | Found Appi's Antique Weapon Shop.
   282 | D:1      | Found a faded altar of an unknown god.
   293 | D:1      | Reached XP level 2. HP: 14/19 MP: 2/2
   367 | D:1      | Found Bimoazyi's Book Emporium.
  1355 | D:1      | Reached XP level 3. HP: 24/24 MP: 3/3
  2019 | D:2      | Slain by a goblin

Illustrated notes

Levels and vault maps discovered:
D:1:      heliophobic_arrival_enchanted_forest, layout_loops_ring, serial_shops,
          shop, nicolae_shop_temple_entry_statues_fountains,
          nicolae_diamond_shop, dreamdust_ecumenical_altar_statues,
          serial_forest, infiniplex_forest_diagonal, infiniplex_forest_lined_2,
          infiniplex_forest_clump_double, infiniplex_forest_lined_room_3,
          infiniplex_forest_clump_double, infiniplex_forest_zigzag_2,
          infiniplex_forest_zigzag_1, infiniplex_forest_end_2,
          infiniplex_forest_corner_2, patterned_corridor
D:2:      layout_basic, basic_altar, minmay_lizard_king

Action                   || total
-------------------------++-------
Melee: Mace              ||    76
       Punch             ||     2
Throw: Dart              ||     1
  Use: Potion            ||     1
 Stab: Sleeping          ||     1
Armor: Animal skin       ||     4
       Ring mail         ||    28
Dodge: Dodged            ||    47
